[Event "8th Ali Ipek Tournament 2020"]
[Site "Ankara"]
[Date "2020.03.08"]
[Round "6.12"]
[White "Arici, Abdulvahap"]
[Black "Yenice, Yusuf Erkan"]
[Result "1-0"]
[ECO "B22"]
[WhiteElo "1346"]
[BlackElo "1514"]
[Annotator "NA"]
[PlyCount "67"]
[EventDate "2020.03.04"]
[EventType "swiss"]
[EventCountry "TUR"]
[SourceTitle "playchess.com"]
[Source "ChessBase"]
[SourceQuality "1"]
[TimeControl "5400+30"]

1. e4 c5 2. Nf3 e6 3. c3 Nf6 4. e5 Nd5 5. Bc4 Nb6 6. Bb3 c4 7. Bc2 d5 8. exd6 Bxd6 9. d4 cxd3 10. Qxd3 Nc6 11. O-O Be7 12. Qe4 Nd5 13. Rd1 Qb6 14. Bb3 Nf6 15. Qe2 O-O 16. Bg5 a5 17. Bc4 Qc7 18. Bxf6 Bxf6 19. Na3 Ne5 20. Nxe5 Qxe5 21. Qxe5 Bxe5 22. Rd3 b6 23. Bb5 Ba6 24. Bxa6 Rxa6 25. Nc4 Bb8 26. Rad1 b5 27. Nd6 Rb6 28. Ne4 Rc6 29. a3 f5 30. Nd2 a4 31. Nf1 Rfc8 32. Rd7 Bc7 33. Re7 Rd8 34. Rxc7 1-0

[Event "8th Ali Ipek Tournament 2020"]
[Site "Ankara"]
[Date "2020.03.08"]
[Round "6.13"]
[White "Ozsac, Samet Harun"]
[Black "Ari, Hasancan"]
[Result "0-1"]
[ECO "A08"]
[WhiteElo "1844"]
[BlackElo "1399"]
[Annotator "NA"]
[PlyCount "98"]
[EventDate "2020.03.04"]
[EventType "swiss"]
[EventCountry "TUR"]
[SourceTitle "playchess.com"]
[Source "ChessBase"]
[SourceQuality "1"]
[TimeControl "5400+30"]

1. Nf3 d5 2. g3 c5 3. Bg2 Nc6 4. O-O e5 5. d3 f6 6. Nbd2 Be6 7. e4 d4 {[%emt 0:00:30] A08: King's Indian Attack.} 8. a4 Qd7 9. Nc4 Nge7 10. Nfd2 {[%emt 0:07:30] [#]} g5 $146 ({Predecessor:} 10... O-O-O 11. f4 exf4 12. gxf4 Bg4 13. Nf3 Ng6 14. Qe1 h5 15. a5 h4 16. a6 b6 {0-1 (27) Strikovic,A (2495)-Suba,M (2525) Seville 1994}) 11. a5 Ng6 12. Re1 (12. Bf3 $15) 12... h5 13. Nf1 Be7 14. Bd2 Bh3 (14... h4 $17 15. Bf3 Kf7) 15. Bf3 g4 16. Bg2 Bxg2 17. Kxg2 h4 18. a6 b6 19. Qe2 Kf7 20. Reb1 Nf8 21. Kg1 Ng6 ({Black should play} 21... Nb4 $17 22. Bxb4 cxb4) 22. Be1 Rag8 23. c3 Nf8 24. Bd2 Ne6 25. Kh1 Rg6 26. Na3 Rhg8 27. Nc2 Ng5 28. Bxg5 Rxg5 29. Ne1 (29. gxh4 $11 Rh5 30. Ng3 Rxh4 31. Nf5) 29... Rh5 30. Ng2 f5 31. exf5 Qxf5 32. Qe4 Qxe4 33. dxe4 Bg5 34. gxh4 Bxh4 35. Ng3 Bxg3 36. fxg3 c4 (36... Rh7 $142 37. Rf1+ Ke6) 37. Nh4 d3 38. b3 Na5 39. bxc4 Nxc4 40. Rd1 Rd8 41. Ra2 d2 42. Kg1 Rd3 43. Rc2 $19 Ke6 44. Kf2 Rh7 45. Ke2 Re3+ 46. Kf2 Rxe4 47. Ra2 Rf7+ 48. Kg2 Re2+ 49. Kg1 Re1+ 0-1

[Event "8th Ali Ipek Tournament 2020"]
[Site "Ankara"]
[Date "2020.03.08"]
[Round "6.14"]
[White "Nazli, Sertan"]
[Black "Akoglanoglu, Murat Umut"]
[Result "1-0"]
[ECO "B43"]
[WhiteElo "1745"]
[BlackElo "1460"]
[Annotator "NA"]
[PlyCount "87"]
[EventDate "2020.03.04"]
[EventType "swiss"]
[EventCountry "TUR"]
[SourceTitle "playchess.com"]
[Source "ChessBase"]
[SourceQuality "1"]
[TimeControl "5400+30"]

1. e4 c5 2. Nf3 e6 3. d4 cxd4 4. Nxd4 a6 5. Nc3 Qc7 6. g3 Nf6 7. Bg2 Bb4 8. Bd2 Nc6 9. Nb3 O-O 10. O-O b6 11. f4 d6 12. a3 Bc5+ 13. Nxc5 dxc5 14. e5 Ne8 15. Qf3 Bb7 16. Rad1 Na5 17. Qe2 Bxg2 18. Kxg2 Qc6+ 19. Qe4 Qxe4+ 20. Nxe4 Nb7 21. Be3 f5 22. Rd7 Nd8 23. Ng5 h6 24. Rxd8 Rxd8 25. Nxe6 Rd7 26. Nxf8 Kxf8 27. Kf2 Nc7 28. Ke2 Ne6 29. Rb1 b5 30. Rd1 Rxd1 31. Kxd1 g5 32. c4 bxc4 33. Kd2 Ke7 34. Kc3 Kd7 35. Kxc4 Kc6 36. b3 gxf4 37. gxf4 h5 38. a4 Nc7 39. Bxc5 Nd5 40. e6 Nxf4 41. e7 Kd7 42. b4 Ng6 43. b5 Nxe7 44. bxa6 1-0

[Event "8th Ali Ipek Tournament 2020"]
[Site "Ankara"]
[Date "2020.03.08"]
[Round "6.15"]
[White "Macit, Mehmet Alper"]
[Black "Banci, Dogancan"]
[Result "0-1"]
[ECO "B76"]
[WhiteElo "1466"]
[BlackElo "1634"]
[Annotator "NA"]
[PlyCount "98"]
[EventDate "2020.03.04"]
[EventType "swiss"]
[EventCountry "TUR"]
[SourceTitle "playchess.com"]
[Source "ChessBase"]
[SourceQuality "1"]
[TimeControl "5400+30"]

1. e4 c5 2. Nf3 d6 3. d4 cxd4 4. Nxd4 Nf6 5. Nc3 g6 6. Be3 Bg7 7. f3 O-O 8. Qd2 Nc6 9. O-O-O Nxd4 10. Bxd4 Be6 11. g4 Qa5 12. Kb1 Rfc8 13. b3 Rab8 14. h4 b5 15. h5 b4 16. Ne2 Bd7 17. hxg6 hxg6 18. g5 Nh5 19. Bxg7 Kxg7 20. Qd4+ Kg8 21. f4 Qc5 22. Qd2 Bg4 23. Rh4 Bd7 24. Nd4 Qc3 25. Be2 Ng3 26. Qxc3 Rxc3 27. Bd3 e5 28. fxe5 dxe5 29. Nf3 Rc5 30. Bc4 Bc6 31. Bd5 Bxd5 32. Rxd5 Rxd5 33. exd5 e4 34. Ne1 Rd8 35. Rg4 Rxd5 36. Kb2 Nf5 37. Rxe4 a5 38. Nd3 Nd6 39. Rg4 Nb5 40. Nf2 Kg7 41. Nd3 Na3 42. Rg3 Nb5 43. Nf4 Rd2 44. Rd3 Rf2 45. Nh3 Rh2 46. Rd5 Na3 47. Rxa5 Rxc2+ 48. Ka1 Rc1+ 49. Kb2 Rb1# 0-1

[Event "8th Ali Ipek Tournament 2020"]
[Site "Ankara"]
[Date "2020.03.08"]
[Round "6.16"]
[White "Saltik, Suleyman"]
[Black "Yilmaz, Zulfikar Baran"]
[Result "1-0"]
[ECO "B52"]
[WhiteElo "1658"]
[BlackElo "1370"]
[Annotator "NA"]
[PlyCount "77"]
[EventDate "2020.03.04"]
[EventType "swiss"]
[EventCountry "TUR"]
[SourceTitle "playchess.com"]
[Source "ChessBase"]
[SourceQuality "1"]
[TimeControl "5400+30"]

1. e4 c5 2. Nf3 d6 3. Bb5+ Bd7 4. Bxd7+ Qxd7 5. O-O Nf6 6. Re1 g6 7. e5 dxe5 8. Nxe5 Qc7 9. Nc3 a6 10. d4 cxd4 11. Qxd4 Bg7 12. Bf4 Qc8 13. Na4 Nfd7 14. Bh6 Nc6 15. Nxc6 Qxc6 16. Bxg7 Rg8 17. Be5 Nxe5 18. Qxe5 e6 19. Nc3 Rd8 20. Ne4 Ke7 21. Qf6+ Ke8 22. Rad1 Rd5 23. c4 Rd7 24. Qe5 Ke7 25. Rxd7+ Qxd7 26. Nf6 Qd8 27. Nxg8+ Qxg8 28. Rd1 Qc8 29. c5 Qc6 30. Qd6+ Qxd6 31. Rxd6 f5 32. Rb6 e5 33. Rxb7+ Kd8 34. Rxh7 e4 35. Rg7 f4 36. Rxg6 e3 37. fxe3 fxe3 38. Rg7 e2 39. Kf2 1-0

[Event "8th Ali Ipek Tournament 2020"]
[Site "Ankara"]
[Date "2020.03.08"]
[Round "6.18"]
[White "Gokdogan, Alperen"]
[Black "Vural, Burak"]
[Result "1/2-1/2"]
[ECO "B22"]
[WhiteElo "1305"]
[BlackElo "1604"]
[Annotator "NA"]
[PlyCount "73"]
[EventDate "2020.03.04"]
[EventType "swiss"]
[EventCountry "TUR"]
[SourceTitle "playchess.com"]
[Source "ChessBase"]
[SourceQuality "1"]
[TimeControl "5400+30"]

1. e4 c5 2. c3 Nf6 3. e5 Nd5 4. Nf3 e6 5. Bc4 d6 6. d4 cxd4 7. cxd4 Nc6 8. O-O Be7 9. Re1 O-O 10. a3 Qc7 11. Nbd2 Rd8 12. Qc2 Na5 13. Bd3 Qxc2 14. Bxc2 Nb6 15. b3 Bd7 16. Bb2 Rac8 17. Rac1 dxe5 18. dxe5 Bc6 19. b4 Bxf3 20. bxa5 Rxd2 21. axb6 Bc6 22. bxa7 Bc5 23. Rf1 Bxa7 24. Bc3 Rd7 25. Bb2 Kf8 26. h4 Bd4 27. Bxd4 Rxd4 28. f4 Rd2 29. Be4 Ra8 30. Bxc6 bxc6 31. Rxc6 Rxa3 32. Rfc1 g6 33. R6c2 Rd4 34. Rc4 Rdd3 35. Kh2 Rg3 36. Rg1 Kg7 37. Rc7 1/2-1/2

[Event "8th Ali Ipek Tournament 2020"]
[Site "Ankara"]
[Date "2020.03.08"]
[Round "6.19"]
[White "Aral, Demir"]
[Black "Yilmaz, Baver"]
[Result "1-0"]
[ECO "C68"]
[WhiteElo "1554"]
[BlackElo "1446"]
[Annotator "NA"]
[PlyCount "63"]
[EventDate "2020.03.04"]
[EventType "swiss"]
[EventCountry "TUR"]
[SourceTitle "playchess.com"]
[Source "ChessBase"]
[SourceQuality "1"]
[TimeControl "5400+30"]

1. e4 e5 2. Nf3 Nc6 3. Bb5 a6 4. Bxc6 dxc6 5. O-O Bg4 6. h3 Bxf3 7. Qxf3 Nf6 8. d3 Qd7 9. Bg5 Be7 10. Nc3 h6 11. Bxf6 Bxf6 12. Ne2 Be7 13. Ng3 g6 14. Rad1 Bg5 15. Ne2 h5 16. d4 O-O-O 17. dxe5 Qxd1 18. Rxd1 Rxd1+ 19. Kh2 Rd2 20. Nc3 Rf8 21. h4 Be7 22. Ne2 f6 23. e6 Bd6+ 24. g3 Be5 25. Qe3 Rd6 26. f4 Bxb2 27. Qa7 Kd8 28. Qb8+ Ke7 29. Qxc7+ Kxe6 30. f5+ gxf5 31. Nf4+ Ke5 32. Qe7+ 1-0

[Event "8th Ali Ipek Tournament 2020"]
[Site "Ankara"]
[Date "2020.03.08"]
[Round "6.20"]
[White "Ozturk, Ali"]
[Black "Simsek, Ayaz"]
[Result "1-0"]
[ECO "E94"]
[WhiteElo "1590"]
[BlackElo "1055"]
[Annotator "NA"]
[PlyCount "123"]
[EventDate "2020.03.04"]
[EventType "swiss"]
[EventCountry "TUR"]
[SourceTitle "playchess.com"]
[Source "ChessBase"]
[SourceQuality "1"]
[TimeControl "5400+30"]

1. d4 Nf6 2. Nf3 g6 3. c4 Bg7 4. Nc3 d6 5. e4 O-O 6. Be2 Nbd7 7. O-O e5 8. Be3 exd4 9. Nxd4 Nc5 10. f3 Ne6 11. Qd2 Bd7 12. Rad1 Qe7 13. Nd5 Nxd5 14. cxd5 Nxd4 15. Bxd4 a6 16. Bxg7 Kxg7 17. Qc3+ Qe5 18. Rc1 Rac8 19. Rfd1 f5 20. Rd2 Qxc3 21. Rxc3 Rf7 22. Rdc2 Bb5 23. Bxb5 axb5 24. exf5 Rxf5 25. Rxc7+ Rxc7 26. Rxc7+ Rf7 27. Rxf7+ Kxf7 28. Kf2 Kf6 29. f4 Kf5 30. Kf3 h6 31. g4+ Kf6 32. h4 h5 33. gxh5 gxh5 34. Ke4 Kg6 35. f5+ Kf6 36. a3 b6 37. Kf4 b4 38. axb4 b5 39. b3 Kg7 40. Kg5 Kf7 41. Kxh5 Kf6 42. Kh6 Kxf5 43. Kg7 Kg4 44. Kf6 Kxh4 45. Ke6 Kg5 46. Kxd6 Kf6 47. Kc7 Ke7 48. d6+ Ke8 49. d7+ Kf7 50. d8=Q Ke6 51. Qd7+ Ke5 52. Qxb5+ Ke4 53. Qc4+ Ke5 54. b5 Kf5 55. b6 Ke5 56. b7 Kf5 57. b8=Q Ke5 58. Qbb5+ Kf6 59. Qcc6+ Ke7 60. Qe5+ Kf7 61. Qcf6+ Kg8 62. Qg7# 1-0

[Event "8th Ali Ipek Tournament 2020"]
[Site "Ankara"]
[Date "2020.03.08"]
[Round "7.4"]
[White "Ozates, Mert"]
[Black "Demirci, Murat"]
[Result "0-1"]
[ECO "A01"]
[WhiteElo "1810"]
[BlackElo "1821"]
[Annotator "NA RC"]
[PlyCount "48"]
[EventDate "2020.03.04"]
[EventType "swiss"]
[EventCountry "TUR"]
[SourceTitle "playchess.com"]
[Source "ChessBase"]
[SourceQuality "1"]
[TimeControl "5400+30"]

1. b3 Nf6 2. Bb2 g6 3. Bxf6 exf6 4. c4 Bg7 5. Nc3 O-O 6. g3 f5 7. Bg2 c6 8. Rc1 Qa5 9. Qc2 $15 ({White should play} 9. d4 $11) 9... Na6 10. Qb1 Nb4 11. a4 d5 12. cxd5 cxd5 13. Nf3 d4 14. Na2 Re8 15. Nxb4 Qxb4 16. O-O Rxe2 17. Qd3 Re8 18. Rc7 Bf6 19. h4 Rb8 20. Rc4 Qb6 21. Nxd4 Rd8 22. a5 Qd6 23. Qf3 Bxd4 24. Qe3 Qf4 0-1

[Event "8th Ali Ipek Tournament 2020"]
[Site "Ankara"]
[Date "2020.03.08"]
[Round "7.5"]
[White "Ergani, Efe"]
[Black "Akin, Yagiz Cinar"]
[Result "1-0"]
[ECO "A26"]
[WhiteElo "1668"]
[BlackElo "1861"]
[Annotator "NA RC"]
[PlyCount "71"]
[EventDate "2020.03.04"]
[EventType "swiss"]
[EventCountry "TUR"]
[SourceTitle "playchess.com"]
[Source "ChessBase"]
[SourceQuality "1"]
[TimeControl "5400+30"]

1. Nf3 g6 2. g3 Bg7 3. Bg2 d6 4. O-O e5 5. d3 Ne7 6. c4 O-O 7. Nc3 Nbc6 8. Rb1 f5 9. Bd2 a5 {[%emt 0:06:30] is the legacy move (9...h6).} 10. a3 h6 11. b4 {[%emt 0:03:30] A26: English Opening vs King's Indian with ...Nc6 and d3.} axb4 12. axb4 Be6 13. b5 Nb8 14. Qc2 Nd7 {[%emt 0:00:30] [#]} 15. Na4 $146 ({Predecessor:} 15. Ra1 Nc5 16. Be3 Nd7 17. Rxa8 Qxa8 18. Nd5 Qd8 19. Nxe7+ Qxe7 20. Nh4 Qf6 21. Bxb7 {0-1 (40) Sumachev,D (2164)-Purgin,N (2214) Kirov 2014}) 15... g5 16. Bb4 b6 17. Nd2 Ra7 18. Nc3 Nf6 19. Ra1 Rxa1 20. Rxa1 Qd7 21. Ra7 f4 22. Nde4 Nxe4 23. Bxe4 fxg3 24. hxg3 Nc8 25. Rb7 Ne7 (25... Bf6 $16 26. Nd5 Bd8) 26. Qa2 h5 {[%emt 0:00:00] [#]} 27. Qa7 $1 Nc8 28. Qb8 Qf7 29. f3 h4 30. Qxc7 Qf6 31. Nd5 Bxd5 32. Bxd5+ Kh8 {[%emt 0:00:00] [#]} 33. Be6 $1 e4 34. dxe4 Qa1+ $18 35. Kg2 Qb2 36. Bd2 1-0

[Event "8th Ali Ipek Tournament 2020"]
[Site "Ankara"]
[Date "2020.03.08"]
[Round "7.7"]
[White "Ersahince, Umut Utku"]
[Black "Caberoglu, Arda"]
[Result "1-0"]
[ECO "B00"]
[WhiteElo "1645"]
[BlackElo "1784"]
[Annotator "NA RC"]
[PlyCount "79"]
[EventDate "2020.03.04"]
[EventType "swiss"]
[EventCountry "TUR"]
[SourceTitle "playchess.com"]
[Source "ChessBase"]
[SourceQuality "1"]
[TimeControl "5400+30"]

1. e4 b6 2. d4 Bb7 3. Bd3 e6 4. Nf3 d5 5. Qe2 Nf6 6. e5 Ne4 7. Nbd2 Nxd2 8. Bxd2 c5 9. c3 Nc6 10. O-O Be7 11. g3 cxd4 12. cxd4 O-O 13. Bc3 Bb4 14. h4 h6 15. Rae1 Bxc3 16. bxc3 Ne7 17. Bb1 a5 18. Kg2 Ba6 19. Qc2 g6 20. Rh1 h5 21. Ng5 Nf5 22. f3 Rc8 23. g4 Nxh4+ 24. Rxh4 Qxg5 25. Rxh5 Qf4 26. Reh1 f5 27. exf6 Qxf6 28. Rh8+ Qxh8 29. Rxh8+ Kxh8 30. Qxg6 Rc7 31. Qh6+ Kg8 32. Qxe6+ Kh8 33. Qxb6 Bf1+ 34. Kxf1 Rxf3+ 35. Kg2 Rcxc3 36. Qg6 Rg3+ 37. Kf2 Rgf3+ 38. Ke2 Rh3 39. Qf7 Rh2+ 40. Kd1 1-0

[Event "8th Ali Ipek Tournament 2020"]
[Site "Ankara"]
[Date "2020.03.08"]
[Round "7.8"]
[White "Alkan, Omer Tarik"]
[Black "Ceylan, Arda (Ali Riza)"]
[Result "1/2-1/2"]
[ECO "C02"]
[WhiteElo "1757"]
[BlackElo "1637"]
[Annotator "NA RC"]
[PlyCount "60"]
[EventDate "2020.03.04"]
[EventType "swiss"]
[EventCountry "TUR"]
[SourceTitle "playchess.com"]
[Source "ChessBase"]
[SourceQuality "1"]
[TimeControl "5400+30"]

1. e4 e6 2. d4 d5 3. e5 c5 4. c3 Nc6 5. Nf3 Qb6 6. Bd3 cxd4 7. cxd4 Bd7 8. O-O Nxd4 9. Nbd2 Nc6 10. Nb3 Nge7 11. Be3 Qc7 12. Nc5 Ng6 13. Rc1 Bxc5 14. Bxc5 Ncxe5 15. Nxe5 Qxe5 16. Qb3 Bc6 17. Ba3 Rc8 18. Bb5 Qc7 19. Rc2 a6 20. Bxc6+ bxc6 21. Rfc1 Ne5 22. Qa4 f6 23. f4 Nc4 24. b3 Qa7+ 25. Kh1 Nxa3 26. Rxc6 Rxc6 27. Rxc6 Kf7 28. Qxa3 Qe3 29. g3 Qe1+ 30. Kg2 Qe2+ 1/2-1/2

[Event "8th Ali Ipek Tournament 2020"]
[Site "Ankara"]
[Date "2020.03.08"]
[Round "7.9"]
[White "Genc, Arda"]
[Black "Kayaman, Metin"]
[Result "1-0"]
[ECO "D04"]
[WhiteElo "1734"]
[BlackElo "1519"]
[Annotator "NA RC"]
[PlyCount "93"]
[EventDate "2020.03.04"]
[EventType "swiss"]
[EventCountry "TUR"]
[SourceTitle "playchess.com"]
[Source "ChessBase"]
[SourceQuality "1"]
[TimeControl "5400+30"]

1. d4 d5 2. Nf3 Nf6 3. e3 Bf5 4. Bd3 Bxd3 5. Qxd3 c6 6. O-O Nbd7 7. b3 e6 8. Bb2 Be7 9. Nbd2 O-O 10. c4 a5 11. Rfd1 a4 12. e4 dxe4 13. Nxe4 Nxe4 14. Qxe4 Nf6 15. Qc2 axb3 16. Qxb3 Ra6 17. a4 Qb6 18. Qxb6 Rxb6 19. Ra2 Ra8 20. Rda1 Rb4 21. Nd2 Rb6 22. Bc3 Rba6 23. a5 Bd8 24. Nb3 Ne4 25. Bb4 b6 26. f3 Nf6 27. Ra3 bxa5 28. Nxa5 Bxa5 29. Rxa5 Rxa5 30. Rxa5 Rxa5 31. Bxa5 Kf8 32. Kf2 Ke7 33. Ke3 Kd7 34. h4 Ne8 35. Bb4 Nd6 36. Bxd6 Kxd6 37. Ke4 c5 38. f4 f5+ 39. Kd3 h5 40. g3 g6 41. dxc5+ Kxc5 42. Kc3 e5 43. fxe5 g5 44. hxg5 f4 45. Kd3 fxg3 46. Ke3 h4 47. Kf3 1-0

[Event "8th Ali Ipek Tournament 2020"]
[Site "Ankara"]
[Date "2020.03.08"]
[Round "7.10"]
[White "Tastan, Tuna Yasin"]
[Black "Nazli, Sertan"]
[Result "0-1"]
[ECO "C50"]
[WhiteElo "1535"]
[BlackElo "1745"]
[Annotator "NA RC"]
[PlyCount "56"]
[EventDate "2020.03.04"]
[EventType "swiss"]
[EventCountry "TUR"]
[SourceTitle "playchess.com"]
[Source "ChessBase"]
[SourceQuality "1"]
[TimeControl "5400+30"]

1. e4 e5 2. Nf3 Nc6 3. Bc4 Nf6 4. d3 Bc5 5. Be3 Bb6 6. Nc3 d6 7. Qd2 h6 8. h3 Be6 9. Bxe6 fxe6 10. Bxb6 axb6 11. d4 Qe7 12. dxe5 dxe5 13. O-O O-O 14. Rad1 Rf7 15. a3 Nh5 16. Ne2 Rxf3 17. gxf3 Nd4 18. Nxd4 exd4 19. Kg2 Rf8 20. Rg1 e5 21. Kf1 Qh4 22. Ke1 Rxf3 23. Qe2 Re3 24. Rg4 Rxe2+ 25. Kxe2 Qxh3 26. Rdg1 d3+ 27. Kd2 Qf3 28. R1g2 g5 0-1

[Event "8th Ali Ipek Tournament 2020"]
[Site "Ankara"]
[Date "2020.03.08"]
[Round "7.11"]
[White "Banci, Dogancan"]
[Black "Pamuk, Yagiz"]
[Result "0-1"]
[ECO "B23"]
[WhiteElo "1634"]
[BlackElo "1385"]
[Annotator "NA RC"]
[PlyCount "66"]
[EventDate "2020.03.04"]
[EventType "swiss"]
[EventCountry "TUR"]
[SourceTitle "playchess.com"]
[Source "ChessBase"]
[SourceQuality "1"]
[TimeControl "5400+30"]

1. e4 c5 2. Nc3 g6 3. f4 Bg7 4. Nf3 Nc6 5. a3 a6 6. Bc4 e6 7. d3 Nge7 8. O-O O-O 9. Qe1 d5 10. Ba2 Nd4 11. Nxd4 cxd4 12. Ne2 dxe4 13. dxe4 d3 14. cxd3 Qxd3 15. Ng3 b5 16. Rb1 Bb7 17. Be3 Rfd8 18. Rd1 Qc2 19. Rc1 Qd3 20. Rf2 Qd7 21. Rd2 Qe8 22. Rcd1 Rxd2 23. Qxd2 Nc6 24. Qd7 Rd8 25. Qxe8+ Rxe8 26. e5 Rd8 27. Rxd8+ Nxd8 28. Bb6 Nc6 29. Ne4 Nxe5 30. Nd6 Nd7 31. Nxb7 Nxb6 32. b3 Bb2 33. Nc5 Bd4+ 0-1

[Event "8th Ali Ipek Tournament 2020"]
[Site "Ankara"]
[Date "2020.03.08"]
[Round "7.12"]
[White "Saltik, Suleyman"]
[Black "Ceneli, Mehmet Canay"]
[Result "0-1"]
[ECO "B88"]
[WhiteElo "1658"]
[BlackElo "1431"]
[Annotator "NA RC"]
[PlyCount "104"]
[EventDate "2020.03.04"]
[EventType "swiss"]
[EventCountry "TUR"]
[SourceTitle "playchess.com"]
[Source "ChessBase"]
[SourceQuality "1"]
[TimeControl "5400+30"]

1. e4 d6 2. Bc4 Nf6 3. Nc3 c5 4. Nge2 Nc6 5. d4 cxd4 6. Nxd4 e6 7. O-O Be7 8. Be3 a6 9. a4 Qc7 10. Qe2 O-O 11. Rfd1 Rd8 12. f3 d5 13. exd5 exd5 14. Bd3 Bd6 15. g3 Re8 16. Qf2 Rxe3 17. Qxe3 Nxd4 18. Kg2 Nc6 19. Ne2 Be6 20. Nd4 Nxd4 21. Qxd4 Re8 22. Re1 Bc5 23. Qh4 d4 24. Re2 h6 25. b4 Bxb4 26. Rb1 Bc5 27. Kh1 Qc6 28. Be4 Nxe4 29. Qxe4 Qxe4 30. Rxe4 Rc8 31. Re2 Bd5 32. Kg2 Bc6 33. a5 Rd8 34. Rb3 Rd6 35. Re5 Ba7 36. Kf1 Rd5 37. f4 Rxe5 38. fxe5 Bb8 39. c3 dxc3 40. Rxc3 Bxe5 41. Rb3 Bc7 42. Ra3 f5 43. Ke2 Kf7 44. Kd3 Ke6 45. Kd4 Be5+ 46. Kc4 Bb5+ 47. Kb3 f4 48. gxf4 Bxf4 49. h3 Kf5 50. Kc3 Be5+ 51. Kd2 Kg5 52. Ke3 Kh4 0-1

[Event "8th Ali Ipek Tournament 2020"]
[Site "Ankara"]
[Date "2020.03.08"]
[Round "7.13"]
[White "Ari, Hasancan"]
[Black "Aydin, Aytac"]
[Result "0-1"]
[ECO "D27"]
[WhiteElo "1399"]
[BlackElo "1652"]
[Annotator "NA RC"]
[PlyCount "60"]
[EventDate "2020.03.04"]
[EventType "swiss"]
[EventCountry "TUR"]
[SourceTitle "playchess.com"]
[Source "ChessBase"]
[SourceQuality "1"]
[TimeControl "5400+30"]

1. d4 d5 2. c4 dxc4 3. Nc3 Nf6 4. e3 e6 5. Bxc4 c5 6. Nf3 Nc6 7. O-O a6 8. a4 cxd4 9. exd4 Be7 10. Re1 O-O 11. Bg5 Nb4 12. Ne5 Nbd5 13. Nxd5 Nxd5 14. Bxe7 Nxe7 15. Bd3 Nd5 16. Rc1 Nf6 17. Bb1 Bd7 18. Re3 Rc8 19. Rxc8 Qxc8 20. Rf3 Bxa4 21. b3 Bb5 22. h4 Nd7 23. Nxd7 Qxd7 24. h5 f5 25. g4 Bc6 26. Re3 Qd5 27. f3 fxg4 28. h6 gxf3 29. hxg7 Qg5+ 30. Kh2 Qg2# 0-1

[Event "8th Ali Ipek Tournament 2020"]
[Site "Ankara"]
[Date "2020.03.08"]
[Round "7.14"]
[White "Kamisli, Yigit"]
[Black "Aral, Demir"]
[Result "0-1"]
[ECO "E01"]
[WhiteElo "1393"]
[BlackElo "1554"]
[Annotator "NA RC"]
[PlyCount "70"]
[EventDate "2020.03.04"]
[EventType "swiss"]
[EventCountry "TUR"]
[SourceTitle "playchess.com"]
[Source "ChessBase"]
[SourceQuality "1"]
[TimeControl "5400+30"]

1. d4 d5 2. c4 e6 3. Nf3 Nf6 4. g3 c6 5. Bg2 Bd6 6. Qc2 Nbd7 7. O-O O-O 8. Nbd2 b6 9. e4 dxe4 10. Nxe4 Nxe4 11. Qxe4 Bb7 12. Ne5 Nf6 13. Qf3 Rc8 14. a3 Ba8 15. Bg5 c5 16. Bxf6 Bxf3 17. Bxd8 Bxg2 18. Kxg2 Rfxd8 19. b3 cxd4 20. Rfe1 f6 21. Nd3 Re8 22. a4 e5 23. Ra2 e4 24. Rae2 f5 25. f3 e3 26. Kf1 a6 27. Ra2 b5 28. axb5 axb5 29. Rc1 f4 30. g4 Ra8 31. Rca1 e2+ 32. Ke1 Rxa2 33. Rxa2 Re3 34. c5 Be7 35. Nxf4 Bh4+ 0-1

[Event "8th Ali Ipek Tournament 2020"]
[Site "Ankara"]
[Date "2020.03.08"]
[Round "7.15"]
[White "Oktem, Ege Tuna"]
[Black "Bilen, Tuna"]
[Result "1-0"]
[ECO "C56"]
[WhiteElo "1546"]
[BlackElo "1367"]
[Annotator "NA RC"]
[PlyCount "90"]
[EventDate "2020.03.04"]
[EventType "swiss"]
[EventCountry "TUR"]
[SourceTitle "playchess.com"]
[Source "ChessBase"]
[SourceQuality "1"]
[TimeControl "5400+30"]

1. e4 e5 2. Nf3 Nc6 3. d4 exd4 4. Bc4 Nf6 5. e5 d5 6. Bb5 Ne4 7. Nxd4 Bc5 8. Be3 Bd7 9. Bxc6 bxc6 10. O-O O-O 11. f3 Ng5 12. f4 Ne4 13. Nd2 Nxd2 14. Qxd2 Rb8 15. Nb3 Bxe3+ 16. Qxe3 Bf5 17. Rf2 Rb6 18. h3 h5 19. Nd4 Qd7 20. g4 hxg4 21. hxg4 Bxg4 22. f5 c5 23. Qg5 Rh6 24. Rg2 f6 25. Qxg4 cxd4 26. e6 Qe7 27. Qxd4 c6 28. Rf1 Rd8 29. Rf3 c5 30. Qf4 Rh7 31. Rb3 c4 32. Rb8 Qc5+ 33. Rf2 Qa5 34. Rxd8+ Qxd8 35. Qd4 Qa5 36. c3 Kf8 37. Rd2 Rh5 38. Qxd5 Rxf5 39. Qd6+ Kg8 40. Qd8+ Kh7 41. Rh2+ Kg6 42. Qe8+ Kg5 43. Qh5+ Kf4 44. Rf2+ Ke4 45. Qg4+ Kd5 1-0

[Event "8th Ali Ipek Tournament 2020"]
[Site "Ankara"]
[Date "2020.03.08"]
[Round "7.17"]
[White "Tunca, Omer"]
[Black "Orhon, Bora"]
[Result "0-1"]
[ECO "A03"]
[WhiteElo "1235"]
[BlackElo "1460"]
[Annotator "NA RC"]
[PlyCount "86"]
[EventDate "2020.03.04"]
[EventType "swiss"]
[EventCountry "TUR"]
[SourceTitle "playchess.com"]
[Source "ChessBase"]
[SourceQuality "1"]
[TimeControl "5400+30"]

1. f4 d5 2. d4 Nf6 3. Nf3 g6 4. e3 Bg7 5. c4 c6 6. Nc3 O-O 7. cxd5 cxd5 8. Bb5 Nc6 9. Bd2 Bf5 10. a3 a6 11. Be2 Rc8 12. Rc1 Na5 13. b4 Nc4 14. Bxc4 dxc4 15. e4 Nxe4 16. Nxe4 Bxe4 17. Be3 Bd3 18. Kf2 Qd5 19. Re1 Be4 20. Qe2 Rfd8 21. Red1 c3 22. g3 Bxf3 23. Qxf3 Qa2+ 24. Qe2 Qxa3 25. Rd3 Qxb4 26. Qc2 Bxd4 27. Bxd4 Rxd4 28. Rxc3 Rxc3 29. Qxc3 Rd2+ 30. Ke3 Qxc3+ 31. Rxc3 Rxh2 32. Rc7 b5 33. Rxe7 b4 34. Ra7 Ra2 35. Kd4 a5 36. g4 a4 37. Ke5 Re2+ 38. Kf6 Re6+ 39. Kg5 a3 40. f5 gxf5 41. gxf5 Re8 42. Kf6 Rb8 43. Ke5 b3 0-1

[Event "8th Ali Ipek Tournament 2020"]
[Site "Ankara"]
[Date "2020.03.08"]
[Round "7.18"]
[White "Vural, Burak"]
[Black "Hotman, Cagan Arhan"]
[Result "0-1"]
[ECO "C56"]
[WhiteElo "1604"]
[BlackElo "1358"]
[Annotator "NA RC"]
[PlyCount "120"]
[EventDate "2020.03.04"]
[EventType "swiss"]
[EventCountry "TUR"]
[SourceTitle "playchess.com"]
[Source "ChessBase"]
[SourceQuality "1"]
[TimeControl "5400+30"]

1. e4 e5 2. Nf3 Nc6 3. Bc4 Nf6 4. d4 exd4 5. O-O Nxe4 6. Re1 d5 7. Bxd5 Qxd5 8. Nc3 Qh5 9. Nxe4 Be6 10. Bg5 Bd6 11. Nxd6+ cxd6 12. Bf4 Qd5 13. c3 Qf5 14. Bxd6 O-O-O 15. Bg3 dxc3 16. Qa4 cxb2 17. Rab1 Qa5 18. Qf4 h6 19. Rxb2 g5 20. Qc1 Rhe8 21. Rbe2 Rd5 22. Re5 Red8 23. Nd4 Qa4 24. Nxe6 fxe6 25. Rxe6 Rd1 26. Qc3 Rxe1+ 27. Rxe1 Qxa2 28. Qg7 Qa5 29. Ra1 Rd7 30. Qb2 Rd2 31. Qc1 Qd5 32. h3 h5 33. h4 gxh4 34. Bf4 Rd4 35. Be3 Rg4 36. Qf1 h3 37. g3 Ne5 38. Rc1+ Kb8 39. Qxh3 Nf3+ 40. Kf1 Qd3+ 41. Kg2 Nh4+ 42. Kh2 Nf3+ 43. Kg2 Qd5 44. Kf1 Qd3+ 45. Kg2 Qd5 46. Kf1 Qd3+ 47. Kg2 Qe4 48. Kf1 Qf5 49. Rc4 Qd3+ 50. Kg2 Ne1+ 51. Kg1 Qxc4 52. Qxh5 Rg8 53. Qh7 Nf3+ 54. Kg2 Nh4+ 55. Kg1 Ng6 56. Qd7 Qc6 57. Qd4 Qb6 58. Qd5 Qb1+ 59. Kg2 Rh8 60. Bf4+ Nxf4+ 0-1